[Event "Titled Tuesday Blitz May 2 Late 2023"]
[White "Shubenkova, Veronika"]
[Black "Adla, Diego"]
[WhiteFideId "44124040"]
[BlackFideId "100072"]
[WhiteElo "2027"]
[BlackElo "2377"]
[Result "1-0"]
[Round "06"]
[TimeControl "180+2"]
[Date "2023.05.02"]
[WhiteClock "0:00:06"]
[BlackClock "0:00:08"]

1. e4 e5 2. Nf3 Nc6 3. Bb5 Bc5 4. O-O Qf6 5. d3 h6 6. Nbd2 Nge7 7. Nb3 Bb6 8. Be3 O-O 9. a4 a6 10. Bxc6 bxc6 11. a5 Ba7 12. Qe2 d6 13. h3 Ng6 14. d4 exd4 15. Nbxd4 Bd7 16. Qd2 Rfe8 17. Qd3 c5 18. Nf5 Bc6 19. Ng3 c4 20. Qxc4 Bb5 21. Qxc7 Bxe3 22. fxe3 Bxf1 23. Rxf1 Qxb2 24. Nd4 Re7 25. Qxd6 Qb8 26. Qxb8+ Rxb8 27. Nc6 Rb5 28. Nxe7+ Nxe7 29. Ra1 Nc6 30. Nf5 Rxa5 31. Rd1 Rc5 32. Rd6 Kh7 33. Nd4 Nb4 34. Rd7 Kg6 35. Rd6+ Kh7 36. Rd7 Nxc2 37. Rxf7 Nxe3 38. Ra7 Rc4 39. Nf5 Nxf5 40. exf5 Rc6 41. g4 Kg8 42. Kg2 g6 43. Kf3 gxf5 44. gxf5 Kf8 45. Kf4 Rb6 46. Ke5 Kg8 47. f6 Kf8 48. Kf5 h5 49. Kg6 Rb8 50. Rxa6 h4 51. Ra4 Kg8 52. Rxh4 1-0


[Site "https://www.chess.com"]

[Event "Titled Tuesday Blitz May 2 Late 2023"]
[White "Toktomushev, Teimur"]
[Black "Baskin, Robert"]
[WhiteFideId "14176726"]
[BlackFideId "24662402"]
[WhiteElo "2116"]
[BlackElo "2472"]
[Result "1/2-1/2"]
[Round "06"]
[TimeControl "180+2"]
[Date "2023.05.02"]
[WhiteClock "0:00:10"]
[BlackClock "0:00:58"]

1. d4 d5 2. c4 c6 3. Nc3 Nf6 4. e3 Bf5 5. cxd5 cxd5 6. Qb3 Nc6 7. Qxb7 Bd7 8. Qb3 Rb8 9. Qd1 e5 10. dxe5 Nxe5 11. Be2 Bd6 12. Nf3 O-O 13. O-O Qc7 14. h3 Rfc8 15. a4 Nxf3+ 16. Bxf3 Be5 17. Nb5 Bxb5 18. axb5 Rxb5 19. Qa4 Rc5 20. Bd2 Bxb2 21. Ra2 Bc3 22. Bxc3 Rxc3 23. Qxa7 Qe5 24. Rd2 Rc1 25. Rdd1 Rxd1 26. Rxd1 g6 27. Qd4 Qxd4 28. Rxd4 Rc5 29. g4 g5 30. Kg2 Kf8 31. Be2 Ke7 32. Bd3 h6 33. Ra4 Rc7 34. Bf5 Kd6 35. Ra6+ Rc6 36. Ra7 Rc7 37. Ra6+ Rc6 38. Ra7 Rc7 39. Ra6+ 1/2-1/2


[Site "https://www.chess.com"]

[Event "Titled Tuesday Blitz May 2 Late 2023"]
[White "Martins, Bruno Andre Leite"]
[Black "D`Arruda, Ricardo D."]
[WhiteFideId "1942255"]
[BlackFideId "100692"]
[WhiteElo "2240"]
[BlackElo "2271"]
[Result "1-0"]
[Round "06"]
[TimeControl "180+2"]
[Date "2023.05.02"]
[WhiteClock "0:00:56"]
[BlackClock "0:00:30"]

1. e4 c5 2. Nf3 Nc6 3. d4 cxd4 4. Nxd4 e5 5. Ne2 Nf6 6. Nbc3 Bc5 7. Ng3 d6 8. Be2 Be6 9. O-O O-O 10. Na4 Bb4 11. a3 Ba5 12. b4 Bc7 13. c4 Nd4 14. Be3 Nxe2+ 15. Qxe2 Qd7 16. Nc3 a5 17. Nd5 Bxd5 18. cxd5 g6 19. h3 Rfc8 20. f4 exf4 21. Rxf4 Ne8 22. b5 Bd8 23. Raf1 f6 24. h4 Rc3 25. h5 Rac8 26. hxg6 hxg6 27. Rh4 f5 28. Rh6 Qg7 29. exf5 Bb6 30. Bxb6 Qxh6 31. fxg6 Qxg6 32. Nf5 Qg5 33. Ne7+ Kh7 34. Qe4+ Kh8 35. Bd4+ Ng7 36. Bxc3 Rxc3 37. Rf8# 1-0


[Site "https://www.chess.com"]

[Event "Titled Tuesday Blitz May 2 Late 2023"]
[White "Lee, Linden"]
[Black "Topalov, Aleksandar"]
[WhiteFideId "30941830"]
[BlackFideId "925659"]
[WhiteElo "1985"]
[BlackElo "2151"]
[Result "1-0"]
[Round "06"]
[TimeControl "180+2"]
[Date "2023.05.02"]
[WhiteClock "0:02:07"]
[BlackClock "0:00:17"]

1. d4 Nf6 2. c4 c5 3. d5 d6 4. Nc3 g6 5. e4 Bg7 6. Nf3 O-O 7. Bd3 Na6 8. h3 Nc7 9. O-O e5 10. Be3 Nh5 11. Re1 Nf4 12. Bf1 f5 13. Bxf4 exf4 14. e5 dxe5 15. Nxe5 Qd6 16. Nd3 Bd7 17. Qf3 g5 18. Rac1 Rae8 19. b4 Na6 20. Rxe8 Rxe8 21. Nb5 Bxb5 22. cxb5 Nxb4 23. Nxc5 b6 24. Ne6 Bf6 25. Qh5 Rxe6 26. dxe6 1-0


[Site "https://www.chess.com"]

[Event "Titled Tuesday Blitz May 2 Late 2023"]
[White "Onslow, Alfie"]
[Black "Novik, Maxim"]
[WhiteFideId "436976"]
[BlackFideId "4102924"]
[WhiteElo "2114"]
[BlackElo "2287"]
[Result "1-0"]
[Round "06"]
[TimeControl "180+2"]
[Date "2023.05.02"]
[WhiteClock "0:00:07"]
[BlackClock "0:00:13"]

1. Nf3 Nf6 2. c4 g6 3. b3 Bg7 4. Bb2 O-O 5. g3 d6 6. d4 e5 7. dxe5 Nfd7 8. Bg2 dxe5 9. Qc2 Nc6 10. Nbd2 Re8 11. O-O e4 12. Ne1 Nd4 13. Bxd4 Bxd4 14. Rd1 e3 15. fxe3 Bxe3+ 16. Kh1 Qe7 17. Ne4 f5 18. Nc3 c6 19. Nd3 Nf6 20. h3 Be6 21. Nf4 Bf7 22. Rf3 Bb6 23. Na4 Bc7 24. e3 Rad8 25. Rxd8 Rxd8 26. Nc3 Be5 27. Rf2 Bxc3 28. Qxc3 Ne4 29. Bxe4 Qxe4+ 30. Kh2 g5 31. Ng2 Qe6 32. Rd2 Rxd2 33. Qxd2 Kg7 34. Qd4+ Kg6 35. h4 h6 36. a4 b6 37. a5 c5 38. Qd8 Qf6 39. Qc7 bxa5 40. Qxc5 Qb6 41. Qf8 Qxb3 42. h5+ Kf6 43. Qxh6+ Ke7 44. Qxg5+ Ke6 45. Nf4+ Kd7 46. Qxf5+ Ke8 47. Qe5+ Kf8 48. Ng6+ Bxg6 49. hxg6 Qxc4 50. Qf6+ Kg8 51. Kh3 Qc8+ 52. g4 Qd7 53. e4 a4 54. e5 a3 55. e6 Qc7 56. e7 Qc4 57. e8=Q# 1-0


[Site "https://www.chess.com"]

[Event "Titled Tuesday Blitz May 2 Late 2023"]
[White "Ambartsumova, Karina"]
[Black "Buchenau, Frank"]
[WhiteFideId "4166299"]
[BlackFideId "4604350"]
[WhiteElo "2240"]
[BlackElo "2157"]
[Result "1-0"]
[Round "06"]
[TimeControl "180+2"]
[Date "2023.05.02"]
[WhiteClock "0:00:52"]
[BlackClock "0:00:04"]

1. Nf3 Nf6 2. g3 d5 3. Bg2 c6 4. c4 dxc4 5. a4 Be6 6. O-O g6 7. Na3 Bg7 8. Qc2 Na6 9. Nxc4 Nb4 10. Qc3 Nbd5 11. Qa3 a5 12. d3 O-O 13. Bd2 Nd7 14. Rfd1 c5 15. e4 Nb4 16. Rac1 h6 17. Bc3 Nb8 18. Bxg7 Kxg7 19. d4 Bxc4 20. Rxc4 cxd4 21. Rdxd4 Qb6 22. Qc3 Kh7 23. h4 N8c6 24. Rd7 Rad8 25. Rxd8 Rxd8 26. Rc5 Rd1+ 27. Kh2 Na6 28. Rb5 Qxf2 29. Rxb7 Ne5 30. Qxe5 Nc5 31. Rb8 1-0


[Site "https://www.chess.com"]

[Event "Titled Tuesday Blitz May 2 Late 2023"]
[White "Jarmula, Lukasz"]
[Black "Tsotsonava, Elene"]
[WhiteFideId "1160664"]
[BlackFideId "13615939"]
[WhiteElo "2372"]
[BlackElo "1829"]
[Result "0-1"]
[Round "06"]
[TimeControl "180+2"]
[Date "2023.05.02"]
[WhiteClock "0:00:09"]
[BlackClock "0:01:05"]

1. a4 c5 2. Nf3 d5 3. e3 Nc6 4. Bb5 Bd7 5. O-O Nf6 6. b3 e6 7. Bb2 Bd6 8. d3 Qc7 9. c4 a6 10. Bxc6 Bxc6 11. Nc3 dxc4 12. bxc4 Bxf3 13. Qxf3 Bxh2+ 14. Kh1 Be5 15. Rab1 O-O 16. Ba1 Rab8 17. g3 Rfd8 18. Rfd1 h5 19. Kg2 g6 20. Rb3 Ng4 21. Rdb1 b6 22. Ne4 Bxa1 23. Rxa1 Kg7 24. Rab1 Qc6 25. Ng5 Qc7 26. a5 Ne5 27. Qf4 bxa5 28. Rxb8 Rxb8 29. Rxb8 Qxb8 30. Nxf7 Qb7+ 31. e4 Nxf7 32. Qd2 Qb4 33. Qf4 e5 34. Qh4 Qb8 35. Qe7 Qd6 36. Qa7 a4 37. f4 a3 38. Qb7 Qxd3 39. fxe5 a2 40. Qb2 Qb1 41. Qf2 a1=Q 42. Qf6+ Kg8 43. Qxg6+ Kf8 44. e6 Qf1+ 45. Kh2 Qh1# 0-1


[Site "https://www.chess.com"]

[Event "Titled Tuesday Blitz May 2 Late 2023"]
[White "Srdanovic, Jovana"]
[Black "Kanakaris, Georgios"]
[WhiteFideId "954810"]
[BlackFideId "4209460"]
[WhiteElo "2145"]
[BlackElo "2291"]
[Result "0-1"]
[Round "06"]
[TimeControl "180+2"]
[Date "2023.05.02"]
[WhiteClock "0:00:01"]
[BlackClock "0:00:41"]

1. e4 e6 2. d4 d5 3. Nc3 Bb4 4. e5 Qd7 5. a3 Bxc3+ 6. bxc3 b6 7. Qg4 f5 8. Qg3 Bb7 9. h4 Nc6 10. Nh3 Na5 11. Nf4 O-O-O 12. a4 Nh6 13. Bd3 Nc4 14. O-O a5 15. Qg5 Rhg8 16. Qh5 Kb8 17. Qf3 Ng4 18. Nxe6 Ngxe5 19. Qxf5 Nxd3 20. cxd3 Rde8 21. dxc4 Rxe6 22. c5 Ba6 23. cxb6 Bxf1 24. bxc7+ Ka8 25. Bf4 Ba6 26. Qxh7 Rge8 27. Kh2 Re1 28. Ra2 Qg4 29. Bg3 Qd1 30. Kh3 Bc8+ 0-1


[Site "https://www.chess.com"]

[Event "Titled Tuesday Blitz May 2 Late 2023"]
[White "Dovbnia, Nikita"]
[Black "Graif, William"]
[WhiteFideId "54104599"]
[BlackFideId "2609835"]
[WhiteElo "2076"]
[BlackElo "2205"]
[Result "0-1"]
[Round "06"]
[TimeControl "180+2"]
[Date "2023.05.02"]
[WhiteClock "0:00:17"]
[BlackClock "0:00:15"]

1. Nf3 d5 2. b3 Nf6 3. Bb2 e6 4. e3 b6 5. c4 Bb7 6. Nc3 Nbd7 7. cxd5 exd5 8. Rc1 a6 9. Bd3 Bd6 10. Ne2 O-O 11. Ng3 Re8 12. O-O g6 13. Bb1 Ng4 14. Qc2 Nde5 15. Qc3 Nxf3+ 16. gxf3 Ne5 17. f4 d4 18. exd4 Nf3+ 19. Kg2 Qh4 20. d5 Be5 21. Qxf3 Bxb2 22. Rxc7 Re7 23. Rxe7 Qxe7 24. Be4 f5 25. Bd3 Qd6 26. Kg1 Re8 27. Rb1 Bxd5 28. Bc4 Bxc4 29. bxc4 Qxd2 30. Qd5+ Qxd5 31. cxd5 Bd4 32. Rd1 Bc5 33. Kg2 Kf7 34. Kf3 h5 35. Nf1 Re4 36. Ne3 Ke7 37. Rg1 Kf7 38. Rd1 Bd6 39. Rc1 Rxf4+ 40. Ke2 Ra4 41. Rc6 Rxa2+ 42. Kd3 Bc5 43. d6 Ke6 44. Nc4 Rxf2 45. Nxb6 Bxb6 46. Rxb6 Rxh2 47. Rxa6 Kd7 48. Ke3 g5 49. Ra5 Rh3+ 50. Kf2 Kxd6 51. Rxf5 g4 52. Kg2 Ke6 53. Ra5 Kf6 54. Rb5 Kg6 55. Ra5 Rb3 56. Rb5 Rxb5 57. Kg3 Kg5 58. Kg2 Rb3 0-1


[Site "https://www.chess.com"]

[Event "Titled Tuesday Blitz May 2 Late 2023"]
[White "Mgeladze, Tamaz"]
[Black "Koc, Przemyslaw"]
[WhiteFideId "13601202"]
[BlackFideId "1109081"]
[WhiteElo "2288"]
[BlackElo "2161"]
[Result "1-0"]
[Round "06"]
[TimeControl "180+2"]
[Date "2023.05.02"]
[WhiteClock "0:01:02"]
[BlackClock "0:00:48"]

1. c4 f5 2. Nc3 Nf6 3. Nf3 g6 4. g3 Bg7 5. Bg2 O-O 6. O-O d6 7. d3 Nh5 8. Rb1 f4 9. Nd5 fxg3 10. hxg3 c6 11. Nf4 Nxf4 12. Bxf4 e5 13. Bg5 Qe8 14. Qd2 a5 15. Nh4 Na6 16. Bh6 Nc5 17. Bxg7 Kxg7 18. e3 g5 19. Nf3 h6 20. d4 Ne4 21. Qd3 Bf5 22. dxe5 Nxg3 23. Qxd6 Nxf1 24. Rxf1 Rd8 25. Qc5 Be4 26. Nd4 Bxg2 27. Kxg2 a4 28. e6 Rf6 29. Qe5 Kg6 30. Rh1 Qe7 31. f4 gxf4 32. Qh5+ Kg7 33. Nf5+ Rxf5 34. Qxh6+ 1-0


[Site "https://www.chess.com"]

[Event "Titled Tuesday Blitz May 2 Late 2023"]
[White "Skvortsov, Andrei"]
[Black "Liu, Eric"]
[WhiteFideId "24108600"]
[BlackFideId "30960240"]
[WhiteElo "2259"]
[BlackElo "2094"]
[Result "1-0"]
[Round "06"]
[TimeControl "180+2"]
[Date "2023.05.02"]
[WhiteClock "0:01:10"]
[BlackClock "0:01:25"]

1. d4 b6 2. e4 Bb7 3. Nc3 e6 4. Bd3 Bb4 5. Ne2 Ne7 6. a3 Bxc3+ 7. Nxc3 Ng6 8. O-O c5 9. d5 e5 10. d6 a6 11. b4 cxb4 12. axb4 O-O 13. b5 axb5 14. Rxa8 Bxa8 15. Bxb5 Nc6 16. Be3 Qb8 17. Nd5 Qxd6 18. Nxb6 Qb4 19. c4 Na5 20. Nxd7 Rd8 21. Bc5 Qc3 22. Nf6+ gxf6 23. Qxd8+ Kg7 24. Qxa8 Nxc4 25. Qc6 Nd2 26. Bf8+ 1-0


[Site "https://www.chess.com"]

[Event "Titled Tuesday Blitz May 2 Late 2023"]
[White "Guerra Tulcan, Lenin"]
[Black "Yeritsyan, Hayk"]
[WhiteFideId "3601382"]
[BlackFideId "13307320"]
[WhiteElo "2368"]
[BlackElo "2241"]
[Result "1-0"]
[Round "06"]
[TimeControl "180+2"]
[Date "2023.05.02"]
[WhiteClock "0:00:17"]
[BlackClock "0:00:06"]

1. e4 c6 2. Nf3 d5 3. exd5 cxd5 4. Ne5 Nc6 5. Bb5 Bd7 6. Bxc6 Bxc6 7. O-O Nf6 8. b3 e6 9. Bb2 Bd6 10. Re1 O-O 11. d3 Qc7 12. Nd2 Be7 13. c4 dxc4 14. dxc4 Rfd8 15. Qe2 Bb4 16. Red1 Nd7 17. Nxc6 Qxc6 18. Ne4 Bf8 19. h4 Nc5 20. Ng5 h6 21. Nf3 Qe4 22. Qxe4 Nxe4 23. Ne5 Bc5 24. Nd3 Rxd3 25. Rxd3 Nxf2 26. Rd7 Nd3+ 27. Kf1 Nxb2 28. a3 e5 29. Ra2 Bd4 30. Rxb7 Nd3 31. b4 a5 32. Rd2 axb4 33. axb4 Ra1+ 34. Ke2 Nf4+ 35. Kf3 f5 36. Rxd4 exd4 37. Kxf4 d3 38. Rd7 Ra4 39. Rxd3 Rxb4 40. Rc3 g6 41. Ke5 Kf7 42. c5 Ke7 43. c6 Rb8 44. c7 Rc8 45. Rc6 Kf7 46. Rf6+ Kg7 47. Rc6 Kf7 48. Kd6 Ke8 49. Rc5 Kf7 50. Re5 Kf6 51. Re6+ Kf7 52. Re7+ Kf6 53. Rd7 g5 54. hxg5+ Kxg5 55. Rd8 Rxc7 56. Kxc7 Kf4 57. Kd6 Kg3 58. Ke5 Kxg2 59. Kxf5 h5 60. Rh8 1-0


[Site "https://www.chess.com"]

[Event "Titled Tuesday Blitz May 2 Late 2023"]
[White "Kim, Sergey"]
[Black "Flynn, Jacob"]
[WhiteFideId "13700570"]
[BlackFideId "2509393"]
[WhiteElo "2295"]
[BlackElo "2053"]
[Result "1-0"]
[Round "06"]
[TimeControl "180+2"]
[Date "2023.05.02"]
[WhiteClock "0:01:16"]
[BlackClock "0:00:11"]

1. d4 Nf6 2. c4 e6 3. Nc3 Bb4 4. Qc2 O-O 5. a3 Bxc3+ 6. Qxc3 d5 7. Nf3 dxc4 8. Qxc4 b6 9. g3 Bb7 10. Bg2 Nbd7 11. O-O c5 12. Rd1 Rc8 13. dxc5 Rxc5 14. Qh4 Rh5 15. Qa4 Qa8 16. Bf4 e5 17. Be3 Bc6 18. Qb3 Ng4 19. Rac1 Ndf6 20. h3 Nxe3 21. Qxe3 e4 22. Nd4 Bb7 23. g4 Re5 24. Nf5 h6 25. Qf4 Re6 26. Nd6 Bd5 27. Nf5 Rfe8 28. e3 Nd7 29. Nd6 Rf6 30. Qg3 Rd8 31. Nb5 Nc5 32. Nc7 Qb7 33. Nxd5 Rxd5 34. Rxd5 Qxd5 35. Qb8+ Kh7 36. Qxa7 Qd2 37. Rf1 g6 38. Qe7 Qd5 39. Qxf6 1-0


[Site "https://www.chess.com"]

[Event "Titled Tuesday Blitz May 2 Late 2023"]
[White "Pourkashiyan, Atousa"]
[Black "Ezat, Mohamed"]
[WhiteFideId "12502014"]
[BlackFideId "10600906"]
[WhiteElo "2228"]
[BlackElo "2386"]
[Result "1-0"]
[Round "06"]
[TimeControl "180+2"]
[Date "2023.05.02"]
[WhiteClock "0:00:15"]
[BlackClock "0:00:13"]

1. e4 c6 2. d4 d5 3. Nd2 Qc7 4. Ngf3 Bg4 5. e5 e6 6. Bd3 c5 7. c3 Nc6 8. O-O Nge7 9. h3 Bh5 10. dxc5 Bg6 11. Nb3 Nxe5 12. Nxe5 Qxe5 13. Bb5+ Nc6 14. Nd4 Qc7 15. Qa4 Rc8 16. b4 a5 17. Re1 Be7 18. Be3 O-O 19. Bxc6 bxc6 20. Qxa5 Qxa5 21. bxa5 e5 22. Nf3 f6 23. Rab1 Ra8 24. Rb7 Bd8 25. Reb1 Bxa5 26. Rc1 Rfb8 27. Rd7 Rb2 28. Nh4 Be8 29. Rd6 Bc7 30. Re6 Kf8 31. Nf5 Bd7 32. Re7 Rd8 33. Rxg7 Ba5 34. Bh6 Bxf5 35. Rb7+ Kg8 36. Rxb2 Kf7 37. Rb7+ Kg6 38. Be3 Ra8 39. g4 Be4 40. h4 h5 41. gxh5+ Kxh5 42. Rg7 Rb8 43. Kh2 Rb2 44. Rg8 d4 45. Rcg1 Rb7 46. Rh8+ Bh7 47. cxd4 exd4 48. Bxd4 Bc7+ 49. Kh1 Bf4 50. Bxf6 Bh6 51. f3 Rf7 52. Bg5 Bg7 53. Rxh7+ Kg6 54. Rxg7+ Kxg7 55. Be3+ Kh7 56. Rg3 Rf5 57. Kg2 Re5 58. Kf2 Rd5 59. Rg4 Rd7 60. h5 Rb7 61. h6 Ra7 62. Kg3 Rxa2 63. Rg7+ Kh8 64. Re7 Rg2+ 65. Kxg2 Kg8 66. Bd4 Kf8 67. Ra7 Kg8 68. h7+ Kf8 69. h8=Q# 1-0


[Site "https://www.chess.com"]

[Event "Titled Tuesday Blitz May 2 Late 2023"]
[White "Vaglio Munoz, Jaime"]
[Black "Ballester Llagaria, Luis Eduardo"]
[WhiteFideId "6500145"]
[BlackFideId "2297620"]
[WhiteElo "2199"]
[BlackElo "2344"]
[Result "0-1"]
[Round "06"]
[TimeControl "180+2"]
[Date "2023.05.02"]
[WhiteClock "0:00:18"]
[BlackClock "0:00:12"]

1. Nf3 d5 2. c4 dxc4 3. Qa4+ Nc6 4. Ne5 Qd5 5. Nxc6 Qxc6 6. Qxc6+ bxc6 7. e3 e5 8. Bxc4 Nf6 9. Nc3 Bd6 10. d3 Ke7 11. Ke2 Rb8 12. b3 Be6 13. h3 Nd5 14. Bd2 Nxc3+ 15. Bxc3 Bxc4 16. dxc4 f6 17. e4 Bc5 18. Rhd1 Rhd8 19. Rxd8 Rxd8 20. a3 Ke6 21. b4 Bd4 22. Rd1 g5 23. g3 h5 24. f4 gxf4 25. gxf4 Rg8 26. Bxd4 exd4 27. Kf3 h4 28. Rd3 f5 29. e5 Rg3+ 30. Ke2 Rg2+ 31. Kd1 Rf2 32. Rxd4 Rf3 33. a4 Rxh3 34. Ke2 Rb3 35. b5 h3 36. Kf2 Rb2+ 37. Kg1 Ra2 38. c5 Rc2 39. b6 cxb6 40. cxb6 axb6 41. Rb4 Kd5 42. Rxb6 Rc4 43. e6 Kxe6 44. a5 Kd6 45. a6 Rxf4 46. Kh2 Rf3 47. Rb7 Ra3 48. a7 c5 49. Rf7 c4 50. Rxf5 Rxa7 51. Kxh3 Rg7 52. Ra5 Kc6 53. Kh2 Rg6 54. Kh3 Rg8 55. Kh2 Kb6 56. Ra4 Kb5 57. Ra7 Kb4 58. Rb7+ Kc3 59. Rc7 Kd3 60. Rd7+ Kc2 61. Kh3 c3 62. Kh2 Kb2 63. Rd5 c2 64. Rb5+ Kc1 65. Rd5 Rb8 66. Rf5 Kb1 67. Kg3 c1=Q 68. Kg4 Qg1+ 69. Kf4 Rb4+ 70. Ke5 Rb5+ 71. Ke4 Qe1+ 72. Kd4 Rxf5 73. Kc4 Rf2 74. Kb3 Qg1 75. Kc3 Qg3+ 76. Kd4 Rf4+ 77. Ke5 Qg5+ 78. Ke6 Rf6+ 79. Ke7 Qg7+ 80. Kd8 Rf8# 0-1


[Site "https://www.chess.com"]

[Event "Titled Tuesday Blitz May 2 Late 2023"]
[White "Lopez Del Alamo, Antonio"]
[Black "Perske, Thore"]
[WhiteFideId "2227339"]
[BlackFideId "12902195"]
[WhiteElo "2175"]
[BlackElo "2336"]
[Result "1-0"]
[Round "06"]
[TimeControl "180+2"]
[Date "2023.05.02"]
[WhiteClock "0:00:41"]
[BlackClock "0:00:05"]

1. e4 e6 2. d3 d5 3. Nd2 Nf6 4. Ngf3 c5 5. g3 Nc6 6. Bg2 Be7 7. O-O O-O 8. e5 Nd7 9. Re1 b5 10. Nf1 a5 11. h4 b4 12. Bf4 a4 13. a3 bxa3 14. bxa3 Rb8 15. N1h2 Ba6 16. Ng5 c4 17. Bf1 cxd3 18. cxd3 Rb3 19. Qh5 Bxg5 20. hxg5 Nd4 21. Ng4 Nf5 22. Rad1 Qe7 23. Bh3 Rfb8 24. Nf6+ gxf6 25. Bxf5 exf5 26. exf6 Qf8 27. Bxb8 Nxb8 28. Rc1 Bxd3 29. Re8 Qxe8 30. Qh6 Qf8 31. Rc8 Rb1+ 32. Kh2 Be4 33. Qg7# 1-0


[Site "https://www.chess.com"]

[Event "Titled Tuesday Blitz May 2 Late 2023"]
[White "Leenhouts, Koen"]
[Black "Ardila, Oscar Humberto"]
[WhiteFideId "1008439"]
[BlackFideId "4404742"]
[WhiteElo "2409"]
[BlackElo "1918"]
[Result "1/2-1/2"]
[Round "06"]
[TimeControl "180+2"]
[Date "2023.05.02"]
[WhiteClock "0:00:02"]
[BlackClock "0:00:03"]

1. e4 e5 2. Nf3 Nf6 3. Nxe5 d6 4. Nd3 Nxe4 5. Qe2 Qe7 6. Nf4 Nf6 7. Nc3 Qxe2+ 8. Bxe2 c6 9. d4 Bf5 10. Bd3 Bxd3 11. Nxd3 Nbd7 12. O-O O-O-O 13. Bf4 Nb6 14. Rfe1 h6 15. h3 Nbd5 16. Nxd5 Nxd5 17. Bg3 g5 18. c4 Nb6 19. b3 Bg7 20. Rad1 Bxd4 21. Re7 f5 22. c5 Nd5 23. cxd6 Nxe7 24. dxe7 Rd7 25. Rc1 f4 26. Bh2 Rxe7 27. g3 fxg3 28. Bxg3 Rd8 29. Nb4 c5 30. a4 Re2 31. Nd3 b6 32. b4 Rf8 33. bxc5 bxc5 34. Nxc5 Bxc5 35. Rxc5+ Kb7 36. Rb5+ Kc6 37. Ra5 Rf7 38. Ra6+ Kd5 39. Rxh6 Kc4 40. Rg6 Rf5 41. Ra6 Re7 42. Kg2 Kb3 43. h4 gxh4 44. Bxh4 Rg7+ 45. Bg3 Rf4 46. a5 Kb4 47. Rxa7 Rxf2+ 48. Kxf2 Rxa7 49. Kf3 Kxa5 50. Bf2 Rf7+ 51. Ke2 Kb5 52. Be3 Kc4 53. Bg5 Kd5 54. Be3 Ke4 55. Bc5 Rf3 56. Bf2 Rb3 57. Be1 Rb2+ 58. Kd1 Kd3 59. Kc1 Rc2+ 60. Kb1 Re2 61. Ba5 Kc4 62. Bb6 Kb3 63. Kc1 Rc2+ 64. Kd1 Ra2 65. Be3 Kc3 66. Ke1 Kd3 67. Bg5 Rc2 68. Kf1 Ke4 69. Bh6 Kf3 70. Ke1 Re2+ 71. Kd1 Rh2 72. Bd2 Ke4 73. Bg5 Kd3 74. Ke1 Rg2 75. Bf4 Ke4 76. Bc7 Ke3 77. Kf1 Rf2+ 78. Kg1 Rc2 79. Bb6+ Kf3 80. Kh1 Rb2 81. Ba7 Ra2 82. Bc5 Kg3 83. Bd4 Rd2 84. Be5+ Kf3 85. Bc7 Rc2 86. Bb6 Rc6 87. Ba7 Rc2 88. Kg1 Rg2+ 89. Kh1 Rg7 90. Bb6 Rg6 91. Bc5 Rh6+ 92. Kg1 Rg6+ 93. Kh1 Re6 94. Kg1 Re2 95. Kh1 Rc2 96. Bd6 Rd2 97. Bc5 Re2 98. Bd6 Kg4 99. Bc5 Kg3 1/2-1/2


[Site "https://www.chess.com"]

[Event "Titled Tuesday Blitz May 2 Late 2023"]
[White "Aggelis, Nikolaos"]
[Black "Prieto Aranguren, Alain"]
[WhiteFideId "4213220"]
[BlackFideId "2268906"]
[WhiteElo "2189"]
[BlackElo "2209"]
[Result "1-0"]
[Round "06"]
[TimeControl "180+2"]
[Date "2023.05.02"]
[WhiteClock "0:01:50"]
[BlackClock "0:00:36"]

1. c4 a6 2. g3 h5 3. Bg2 h4 4. Nf3 h3 5. Bf1 e6 6. d4 c5 7. d5 exd5 8. cxd5 d6 9. a4 Bg4 10. Nc3 Nf6 11. e4 Be7 12. Be2 Nfd7 13. Nd2 Bxe2 14. Qxe2 Bf6 15. Nc4 Ne5 16. Bf4 Nxc4 17. Qxc4 O-O 18. O-O Re8 19. Rfe1 Qd7 20. a5 Qg4 21. Qe2 Qxe2 22. Rxe2 Be5 23. Bxe5 Rxe5 24. f4 Re7 25. e5 Nd7 26. e6 Nf6 27. f5 Ng4 28. Rae1 Ne5 29. Rxe5 dxe5 30. d6 Ree8 31. d7 Red8 32. Rxe5 fxe6 33. fxe6 Kh7 34. Nd5 Kg6 35. Nb6 Kf6 36. Nxa8 Kxe5 37. e7 1-0


[Site "https://www.chess.com"]

[Event "Titled Tuesday Blitz May 2 Late 2023"]
[White "Kavutskiy, Konstantin"]
[Black "Estremera Panos, Sergio"]
[WhiteFideId "2026384"]
[BlackFideId "2200864"]
[WhiteElo "2323"]
[BlackElo "2253"]
[Result "1-0"]
[Round "06"]
[TimeControl "180+2"]
[Date "2023.05.02"]
[WhiteClock "0:00:21"]
[BlackClock "0:01:12"]

1. d4 d5 2. c4 e6 3. Nf3 Nf6 4. e3 c5 5. cxd5 exd5 6. Nc3 Nc6 7. a3 cxd4 8. Nxd4 Bd6 9. Be2 O-O 10. O-O Re8 11. Nxc6 bxc6 12. b4 Be5 13. Bb2 a5 14. b5 Rb8 15. Rb1 Qd6 16. h3 Bf5 17. Bd3 Bxd3 18. Qxd3 Bxc3 19. Bxc3 cxb5 20. Rxb5 Qxa3 21. Ra1 Qd6 22. Rbxa5 Rec8 23. Ra6 Rc6 24. Ra8 h6 25. Bxf6 gxf6 26. Rxb8+ Qxb8 27. Qxd5 Re6 28. Ra8 1-0


[Site "https://www.chess.com"]

[Event "Titled Tuesday Blitz May 2 Late 2023"]
[White "Adan Bermudez, Sergio"]
[Black "Wieczorek, Zbigniew"]
[WhiteFideId "2292726"]
[BlackFideId "1102001"]
[WhiteElo "2292"]
[BlackElo "2150"]
[Result "1-0"]
[Round "06"]
[TimeControl "180+2"]
[Date "2023.05.02"]
[WhiteClock "0:01:44"]
[BlackClock "0:00:04"]

1. c4 Nf6 2. Nc3 d6 3. e4 g6 4. g3 Bg7 5. Bg2 O-O 6. Nge2 Nbd7 7. a3 Nc5 8. d3 a5 9. Rb1 a4 10. h3 e5 11. Be3 Nfd7 12. O-O c6 13. d4 exd4 14. Bxd4 Ne5 15. f4 Ned7 16. Bxg7 Kxg7 17. Qxd6 Qb6 18. Kh2 Re8 19. Qd4+ f6 20. e5 fxe5 21. fxe5 Ne6 22. Qh4 Qe3 23. Rf7+ Kxf7 24. Qxh7+ 1-0


[Site "https://www.chess.com"]

[Event "Titled Tuesday Blitz May 2 Late 2023"]
[White "Quirke, Jeffrey"]
[Black "Stork, Oliver"]
[WhiteFideId "2013029"]
[BlackFideId "12955728"]
[WhiteElo "2007"]
[BlackElo "2239"]
[Result "0-1"]
[Round "06"]
[TimeControl "180+2"]
[Date "2023.05.02"]
[WhiteClock "0:00:10"]
[BlackClock "0:01:44"]

1. e4 c6 2. d4 d5 3. exd5 cxd5 4. c3 Nc6 5. Nf3 Qc7 6. Be3 Bg4 7. Nbd2 Nf6 8. h3 Bh5 9. g4 Bg6 10. Nh4 e6 11. Nxg6 hxg6 12. Qf3 Qb6 13. O-O-O Rc8 14. Kb1 a5 15. Ka1 a4 16. h4 Na5 17. h5 gxh5 18. gxh5 a3 19. b3 Rxc3 20. h6 Qc6 21. Nb1 Rc2 22. hxg7 Rxa2+ 23. Kxa2 Qc2+ 24. Ka1 Nxb3# 0-1


[Site "https://www.chess.com"]

[Event "Titled Tuesday Blitz May 2 Late 2023"]
[White "Kubatko, Ivan"]
[Black "Palencia Morales, Wilson Guillermo"]
[WhiteFideId "24111473"]
[BlackFideId "4401859"]
[WhiteElo "2285"]
[BlackElo "2139"]
[Result "1-0"]
[Round "06"]
[TimeControl "180+2"]
[Date "2023.05.02"]
[WhiteClock "0:00:27"]
[BlackClock "0:01:04"]

1. e4 c5 2. c3 d5 3. exd5 Qxd5 4. d4 Nf6 5. Nf3 Bg4 6. Be2 e6 7. h3 Bh5 8. O-O Nc6 9. Be3 cxd4 10. cxd4 Be7 11. Nc3 Qd6 12. Qb3 Qb4 13. g4 Bg6 14. Ne5 Qxb3 15. axb3 Nb4 16. Bb5+ Kd8 17. d5 Nbxd5 18. Bxa7 Kc7 19. Nxd5+ Nxd5 20. Bd4 f6 21. Rfc1+ Kd6 22. Nc4+ Kc7 23. Nb6+ Kd6 24. Bc5+ Ke5 25. Nxa8 Bd8 26. Re1+ 1-0


[Site "https://www.chess.com"]

[Event "Titled Tuesday Blitz May 2 Late 2023"]
[White "Marek, Matyas"]
[Black "Todorovic, Bojan"]
[WhiteFideId "335398"]
[BlackFideId "917087"]
[WhiteElo "2279"]
[BlackElo "2266"]
[Result "1-0"]
[Round "06"]
[TimeControl "180+2"]
[Date "2023.05.02"]
[WhiteClock "0:00:17"]
[BlackClock "0:00:03"]

1. e4 g6 2. d4 Bg7 3. Nc3 d6 4. Nf3 a6 5. Be3 Nd7 6. Qd2 b5 7. O-O-O Bb7 8. Bd3 c5 9. Kb1 c4 10. Be2 Ngf6 11. Bh6 O-O 12. Bxg7 Kxg7 13. e5 Nd5 14. h4 h6 15. h5 Nxc3+ 16. Qxc3 g5 17. Qe3 f6 18. Rhe1 Nb6 19. Nh2 Nd5 20. Qc1 f5 21. Bf3 c3 22. b3 b4 23. Nf1 a5 24. exd6 Qxd6 25. Ne3 Rf7 26. Nc4 Qa6 27. Re5 a4 28. Bxd5 axb3 29. a3 b2 30. Qe3 Qxa3 31. Nxa3 Rxa3 32. Ba2 b3 33. cxb3 Be4+ 34. Rxe4 fxe4 35. Qxe4 Rxa2 36. Kxa2 e6 37. Qe5+ Kh7 38. Qe4+ Kg7 39. Ka3 Ra7+ 40. Kb4 Ra1 41. Rb1 1-0


[Site "https://www.chess.com"]